 Dungeon Crawl Stone Soup version 0.21-a0-173-g99db44b (webtiles) character file.

305 Atlas the Covert (level 6, -2/39 HPs)
             Began as an Octopode Assassin on Aug 8, 2017.
             Slain by an orc wizard
             ... wielding a cursed -2 dagger
              (4 damage)
             ... on level 4 of the Dungeon.
             The game lasted 00:05:34 (2713 turns).

Atlas the Covert (Octopode Assassin)                Turns: 2713, Time: 00:05:34

Health: -2/39      AC:  1    Str: 16    XL:     6   Next: 39%
Magic:  6/6        EV: 13    Int: 13    God:
Gold:   220        SH:  0    Dex: 15    Spells: 5/5 levels left

rFire    + . .     SeeInvis +   z - +0 short sword (drain)
rCold    x . .     Gourm    .   (no shield)
rNeg     + + .     Faith    +   (helmet restricted)
rPois    .         Spirit   .   j - amulet of faith
rElec    .         Reflect  .   t - ring of positive energy
rCorr    .         Harm     .   v - ring of fire
MR       .....                  y - ring of positive energy
Stlth    +++++.....             (no ring)
HPRegen  0.13/turn              (no ring)
MPRegen  0.10/turn              (no ring)
                                (no ring)
                                (no ring)

@: mighty
A: almost no armour, stealthy swim, amphibious, 8 rings, constrict 8, tentacle
spike 1, camouflage 1, see invisible, gelatinous body 1
a: no special abilities


You were on level 4 of the Dungeon.
You were hungry.

You visited 1 branch of the dungeon, and saw 4 of its levels.

You collected 220 gold pieces.

Inventory:

Hand Weapons
 b - a +0 blowgun
 g - a +0 rapier
 z - a +0 short sword of draining (weapon)
Missiles
 c - 8 poisoned needles
 d - a curare-tipped needle
Jewellery
 j - an amulet of faith (around mantle)
 l - an uncursed amulet of regeneration {unknown}
 t - a ring of positive energy (left tentacle)
 v - a ring of fire (right tentacle)
 y - a ring of positive energy (on tentacle)
Scrolls
 e - a scroll of enchant weapon {unknown}
 i - 2 scrolls of amnesia {unknown}
 k - 5 scrolls of teleportation {unknown}
 m - a scroll of fog {unknown}
 n - 8 scrolls of identify {unknown}
 q - a scroll of magic mapping {unknown}
 r - a scroll of remove curse {unknown}
Potions
 h - a potion of curing {unknown}
 o - 2 potions of mutation
 s - a potion of brilliance {unknown}
 w - a potion of heal wounds {unknown}
 x - 2 potions of magic
Comestibles
 f - 2 bread rations
 u - a meat ration


   Skills:
 - Level 2.0 Fighting
 + Level 3.3 Short Blades
 + Level 2.2 Throwing
 + Level 1.7 Dodging
 + Level 9.2 Stealth


You had 5 spell levels left.
You didn't know any spells.

Dungeon Overview and Level Annotations

Branches:
Dungeon (4/15)
 Temple: D:4-7

Altars:

Annotations:
D:3 TySteely's ghost, amateur MiFi


Innate Abilities, Weirdness & Mutations

You cannot wear most types of armour.
You are very stealthy in the water. (Stealth+)
You are amphibious.
You can wear up to eight rings at the same time.
You can use your tentacles to constrict eight enemies at once.
Your skin changes colour to match your surroundings (Stealth+).
Your rubbery body absorbs attacks. (AC +1, EV +1)
One of your tentacles bears a spike.
You have supernaturally acute eyesight. (SInv)


Message History

The orc hits you with a falchion.
You hit the orc. You grab the orc.
You pierce the orc.
The orc is severely wounded.
You constrict the orc.
The orc wizard gestures wildly while chanting.
The orc wizard blinks!
You hit the orc.
You kill the orc!
You barely miss the orc. Your grab misses the orc.
You barely miss the orc wizard. You grab the orc wizard.
You pierce the orc wizard!
The orc wizard is severely wounded.
You constrict the orc wizard. You hit the orc wizard.
You kill the orc wizard!
The orc wizard gestures at you while chanting.
The magic dart hits you!
* * * LOW HITPOINT WARNING * * *
The orc wizard hits you with an enchanted dagger.
You die...

#...# #.....# #.#.....#
#...####.....########.#.#####
.................>....#.#
#...####.....####.....#.#
.....######### #.......#
######[....# #.....###
.....#.....# #...).#
####.#.....# ###.....# #
#.....# #(@.....#
######.#.#.######oo...#
#......#.#......#.#######
#....###.###....#.(.....#
'...............#(......#
#....###.###....#.......#
#......#.#......#....%..#
######.#.#.######.......#
.....#.....# ...######


You could see an orc wizard and an orc.

Vanquished Creatures
  An ogre (D:4)
  A howler monkey (D:3)
  An orc wizard (D:4)
  A worker ant (D:4)
  4 adders
  2 worms
  2 dart slugs (D:1)
  A leopard gecko (D:1)
  5 orcs
  2 giant cockroaches (D:2)
  6 hobgoblins
  13 jackals
  7 bats
  4 frilled lizards
  8 goblins
  10 kobolds
  6 rats
74 creatures vanquished.

Notes
Turn   | Place    | Note
-------+----------+-------------------------------------------
     0 | D:1      | Atlas the Octopode Assassin began the quest for the Orb.
     0 | D:1      | Reached XP level 1. HP: 14/14 MP: 1/1
   192 | D:1      | Reached XP level 2. HP: 19/19 MP: 2/2
   202 | D:1      | Reached skill level 6 in Stealth
   609 | D:1      | Reached XP level 3. HP: 23/24 MP: 3/3
  1045 | D:2      | Reached skill level 7 in Stealth
  1064 | D:2      | Reached XP level 4. HP: 29/29 MP: 4/4
  1634 | D:3      | Reached XP level 5. HP: 34/34 MP: 5/5
  1815 | D:3      | Reached skill level 8 in Stealth
  1889 | D:3      | Noticed TySteely's ghost (amateur MiFi)
  2351 | D:4      | Noticed an ogre
  2373 | D:4      | Gained mutation: You have supernaturally acute eyesight. (SInv) [potion of mutation]
  2373 | D:4      | Gained mutation: One of your tentacles bears a spike. [potion of mutation]
  2391 | D:4      | Killed an ogre
  2391 | D:4      | Reached skill level 9 in Stealth
  2391 | D:4      | Reached XP level 6. HP: 12/39 MP: 6/6
  2713 | D:4      | Slain by an orc wizard

Vault maps used:
D:1:      dpeg_arrival_simpleton_a
D:2:      wad_crossroads
D:4:      minmay_temple_entry_enclosed_plants, first_bread,
          kennysheep_minor_cross

Skill      XL: |  1  2  3  4  5 |
---------------+----------------+-----
Stealth        | 6 7 9 |  9.2
Short Blades   | 3 |  3.3
Fighting       | |  2.0
Throwing       | |  2.2
Dodging        | |  1.7

Action                   |  1- 3 |  4- 6 || total
-------------------------+-------+-------++-------
Melee: Dagger            |    57 |    40 ||    97
       Constrict         |    14 |    18 ||    32
       Tentacles         |    11 |     8 ||    19
       Short sword       |       |    29 ||    29
       Kick              |       |     5 ||     5
 Fire: Blowgun           |       |     6 ||     6
  Use: Potion            |       |     3 ||     3
 Stab: Sleeping          |     9 |    19 ||    28
       Distracted        |     1 |       ||     1
  Eat: Chunk             |       |     5 ||     5
Armor: Skin              |     1 |     4 ||     5
Dodge: Dodged            |    37 |    36 ||    73
